AoeStats
← CHACHELO

Arena

507453938Analyzed
1v1 RM · 12d ago on Sep 18, 2026· 47m 27s· 2 players
Game mode
Random Map
Map size
Tiny (2 player)
Population
200
Speed
Normal
Resources
Standard
Victory
Conquest
Starting age
Dark Age
Ending age
Imperial Age
RankedLock teamsTeams togetherTeam positionsShared explorationLock speedFull tech treeHidden civsTurbo modeCheats
Victory
Defeat
🇪🇸 Spanish · Spain
579
+17
🇮🇹 Goths · Italy
594
-17
CHACHELO
0:51 Loom
12:38 Feudal Age
13:56 Wheelbarrow
14:41 Double-Bit Axe
14:41 Horse Collar
18:00 Gold Mining
18:01 Stone Mining
22:46 Castle Age
24:25 Wheelbarrow
25:17 Heavy Plow
31:44 Hand Cart
33:45 Husbandry
33:56 Bloodlines
40:14 Imperial Age
38:15 Scale Barding Armor
38:10 Scale Mail Armor
40:56 Bow Saw
41:11 Chain Barding Armor
41:08 Chain Mail Armor
40:37 Cavalier
42:51 Plate Barding Armor
42:30 Paladin
nic.tosa04
9:30 Feudal Age
14:42 Double-Bit Axe
18:52 Horse Collar
21:47 Castle Age
22:21 Forging
22:11 Scale Mail Armor
23:11 Pikeman
23:21 Light Cavalry
27:32 Wheelbarrow
27:08 Husbandry
27:18 Elite Skirmisher
30:19 Squires
32:15 Heavy Plow
33:24 Gold Mining
35:03 Iron Casting
34:39 Fletching
37:44 Hand Cart
37:54 Bodkin Arrow
38:00 Padded Archer Armor
38:45 Anarchy
42:59 Imperial Age
42:56 Town Watch
43:30 Chain Mail Armor
43:30 Leather Archer Armor
43:42 Ballistics
43:34 Masonry
44:07 Conscription
43:49 Perfusion
45:14 Chemistry
45:26 Chemistry
44:37 Masonry
43:56 Halberdier
Connection lost

Rejoining the realm…

Still unreachable

The connection could not be restored.

Session expired

The server has moved on; the page needs a fresh start.